 Dungeon Crawl Stone Soup version 0.24.0-123-gd5b16e6ec5 (webtiles) character file.

Game seed: 4736367610226902968, levelgen mode: deterministic

11167 LordRappington the Basher (level 11, -1/72 HPs)
             Began as a Gargoyle Berserker on Jan 24, 2020.
             Was a High Priest of Trog.
             Slain by a yak (6 damage)
             ... on level 9 of the Dungeon.
             The game lasted 00:31:13 (9123 turns).

LordRappington the Basher (Gargoyle Berserker)      Turns: 9123, Time: 00:31:14

Health: -1/72      AC: 30    Str: 23    XL:     11   Next: 73%
Magic:  0/11       EV:  8    Int:  9    God:    Trog [*****.]
Gold:   561        SH:  0    Dex: 13    Spells: 10/10 levels left

rFire    . . .     SeeInvis +   y - +0 dire flail (drain)
rCold    . . .     Gourm    .   (shield currently unavailable)
rNeg     + + .     Faith    .   u - +0 plate armour
rPois    ∞         Spirit   +   M - +2 hat of the Bear Spirit {Spirit, +Rage rN+ MR++}
rElec    +         Reflect  .   w - +2 cloak {rPois}
rCorr    .         Harm     .   (no gloves)
MR       ++...                  L - +0 pair of boots
Stlth    ..........             (no amulet)
HPRegen  0.22/turn              m - ring of see invisible
MPRegen  0.12/turn              B - +4 ring of dexterity

@: berserk cooldown, slowed, very slow
A: negative energy resistance 1, electricity resistance, unbreathing,
petrification resistance, rot immunity, AC +8
a: Berserk, Trog's Hand, Brothers in Arms, Renounce Religion, Evoke Berserk Rage


You were on level 9 of the Dungeon.
You worshipped Trog.
Trog was extremely pleased with you.
You were hungry.

You visited 2 branches of the dungeon, and saw 11 of its levels.
You also visited: Sewer.

You collected 561 gold pieces.

Inventory:

Hand Weapons
 y - a +0 dire flail of draining (weapon)
 N - a +0 falchion of flaming
Missiles
 n - 31 poisoned darts (quivered)
 v - 10 javelins
Armour
 u - a +0 plate armour (worn)
 w - a +2 cloak of poison resistance (worn)
 L - a +0 pair of boots (worn)
 M - the +2 hat of the Bear Spirit (worn) {Spirit, +Rage rN+ MR++}
   (You found it on level 8 of the Dungeon)

   It protects you from negative energy.
   It affects your resistance to hostile enchantments.
   It lets you go berserk.
Jewellery
 f - an uncursed ring of fire
 h - an uncursed ring of protection from cold
 m - a ring of see invisible (left hand)
 B - a +4 ring of dexterity (right hand)
 C - an uncursed ring of stealth
 K - an uncursed ring of resist corrosion
Wands
 F - a wand of polymorph (16)
 H - a wand of flame (23)
Scrolls
 g - a scroll of fear
 k - 12 scrolls of identify
 o - 2 scrolls of amnesia {unknown}
 q - a scroll of random uselessness
 s - 2 scrolls of blinking
 t - 4 scrolls of teleportation
 x - 2 scrolls of enchant armour
 z - 3 scrolls of noise {unknown}
 A - 4 scrolls of remove curse
 I - a scroll of vulnerability {unknown}
 O - a scroll of enchant weapon
 Q - a scroll of summoning {unknown}
Potions
 a - 3 potions of flight {unknown}
 b - a potion of berserk rage
 d - 2 potions of heal wounds {unknown}
 e - 4 potions of might
 i - 4 potions of curing
 j - 2 potions of brilliance {unknown}
 l - a potion of cancellation {unknown}
 p - 2 potions of mutation
 r - a potion of degeneration {unknown}
 D - a potion of haste {unknown}
 E - a potion of magic {unknown}
 G - a potion of lignification {unknown}
 J - a potion of ambrosia {unknown}
Comestibles
 c - 25 rations


   Skills:
 * Level 9.9 Fighting
 - Level 12.0 Maces & Flails
 - Level 12.0 Armour
 - Level 1.5 Dodging


You had 10 spell levels left.
You didn't know any spells.
Your spell library was empty.

Dungeon Overview and Level Annotations

Branches:
Dungeon (10/15)            Temple (1/1) D:6            Lair (0/6) D:9
  Sewer (visited)
    Orc: D:9-12

Altars:
Ashenzari
Cheibriados
Dithmenos
Elyvilon
Fedhas
Gozag
Hepliaklqana
Kikubaaqudgha
Makhleb
Nemelex Xobeh
Okawaru
Qazlal
Ru
Sif Muna
Trog
Uskayaw
Vehumet
Wu Jian
Xom
Yredelemnul
Zin
The Shining One

Shops:
D:9 (


Innate Abilities, Weirdness & Mutations

You are resistant to torment.
Your stone body is resilient. (AC +8)
You are immune to poison.
You resist negative energy. (rN+)
You are resistant to electric shocks. (rElec)
You can survive without breathing.
You are immune to petrification.
You are immune to rotting.


Message History

The yak is severely wounded.
The yak gores you.
* * * LOW HITPOINT WARNING * * *
The yak gores you but does no damage.
You hit the yak. You drain the yak.
The yak is almost dead.
The yak gores you.
* * * LOW HITPOINT WARNING * * *
The yak gores you but does no damage.
You completely miss the yak.
The yak is almost dead.
The yak barely misses you. x2
You sock the yak!
You kill the yak!
Trog accepts your kill. The yak gores you but does no damage.
You hit the yak. You drain the yak.
The yak is lightly wounded.
The yak gores you!
You die...

###########
###.Y.......#
#...#@####''####
###...#≈≈≈..≈≈≈#
#....#≈.:....≈#
#######....#≈.≈≈≈≈.≈###
#...#......'..≈≈≈≈).'.#
##.#.#.#....'..≈≈≈≈).'.#
#..#.#.#....#≈)≈≈≈≈.≈#.#
##.#.#.#....#≈......≈#.#
###.#.#....#≈≈≈.)≈≈≈#.#


You could see a yak.

Vanquished Creatures
  A hydra (D:8)
  A centaur warrior (D:8)
  3 trolls (D:9)
  A hornet (D:6)
  2 dream sheep (D:8)
  Grinder (D:3)
  Eustachio (D:6)
  10 yaks
  2 wraiths (D:8)
  A basilisk (D:9)
  A vampire mosquito (D:7)
  Menkaure (D:6)
  Edmund (D:5)
  2 water moccasins (D:8)
  4 porcupines (D:8)
  2 orc warriors
  3 sky beasts
  A necrophage (D:6)
  2 ice beasts (D:8)
  A phantom (D:9)
  6 ogres
  A black bear (D:6)
  4 centaurs
  3 crocodiles
  6 big kobolds
  5 bullfrogs
  An elf skeleton (D:8)
  An elf zombie (D:8)
  A water moccasin zombie (D:6)
  5 scorpions
  9 killer bees
  4 electric eels
  2 howler monkeys
  8 wights
  5 crimson imps
  3 centaur zombies
  3 hounds
  A quasit (D:9)
  A bullfrog zombie (D:6)
  A gnoll shaman (D:8)
  3 human zombies (D:8)
  4 orc priests
  A centaur skeleton (D:9)
  6 orc wizards
  2 human skeletons (D:8)
  2 iguanas
  Natasha (twice) (D:3)
  5 worker ants
  An ogre zombie (D:8)
  A mummy (D:8)
  2 worker ant zombies
  9 adders
  4 gnolls (D:8)
  A river rat (D:5)
  2 oozes
  An adder zombie (D:9)
  3 worms
  2 dart slugs (D:1)
  2 leopard geckos
  20 orcs
  A ball python (D:5)
  10 bats
  5 giant cockroaches
  11 goblins
  9 hobgoblins
  11 jackals
  17 kobolds
  5 quokkas
  8 frilled lizards
  A quokka skeleton (D:4)
  A quokka zombie (D:6)
  27 rats
  A plant (D:2)
291 creatures vanquished.

Vanquished Creatures (others)
  A fungus (D:9)
1 creature vanquished.

Grand Total: 292 creatures vanquished

Notes
Turn   | Place    | Note
-------+----------+-------------------------------------------
     0 | D:1      | LordRappington the Gargoyle Berserker began the quest for
                  | the Orb.
     0 | D:1      | Reached XP level 1. HP: 14/14 MP: 1/1
    39 | D:1      | Reached XP level 2. HP: 10/19 MP: 2/2
   411 | D:1      | Reached XP level 3. HP: 17/23 MP: 3/3
   413 | D:1      | Reached ** piety under Trog
   893 | D:2      | Reached XP level 4. HP: 14/28 MP: 4/4
  1146 | D:2      | Reached skill level 5 in Maces & Flails
  1223 | D:2      | Found a stormy altar of Qazlal.
  1446 | D:2      | Found a sacrificial altar of Ru.
  1741 | D:2      | Found a shimmering blue altar of Sif Muna.
  1912 | D:3      | Reached XP level 5. HP: 31/32 MP: 5/5
  1953 | D:3      | Found an iron altar of Okawaru.
  2038 | D:3      | Noticed Grinder
  2059 | D:3      | Killed Grinder
  2059 | D:3      | Reached XP level 6. HP: 23/37 MP: 6/6
  2183 | D:3      | Reached *** piety under Trog
  2541 | D:3      | Noticed Natasha
  2554 | D:3      | Killed Natasha
  2722 | D:3      | Noticed Natasha
  2727 | D:3      | Killed Natasha
  3022 | D:4      | Reached XP level 7. HP: 36/41 MP: 7/7
  3055 | D:4      | HP: 3/61 [ogre/+0 giant club (7)]
  3411 | D:4      | Reached XP level 8. HP: 4/46 MP: 8/8
  3684 | D:4      | Found a snail-covered altar of Cheibriados.
  3882 | D:5      | Entered Level 5 of the Dungeon
  3927 | D:5      | Found a glowing drain.
  3980 | Sewer    | Entered a sewer
  4107 | Sewer    | Found a white marble altar of Elyvilon.
  4182 | D:5      | Reached **** piety under Trog
  4203 | D:5      | Reached skill level 10 in Maces & Flails
  4302 | D:5      | Found a shadowy altar of Dithmenos.
  4404 | D:5      | Noticed Edmund
  4426 | D:5      | Killed Edmund
  4613 | D:6      | Found a staircase to the Ecumenical Temple.
  4656 | Temple   | Entered the Ecumenical Temple
  5106 | D:6      | Noticed a hornet
  5137 | D:6      | Killed a hornet
  5137 | D:6      | Reached XP level 9. HP: 35/51 MP: 9/9
  5655 | D:6      | Noticed Eustachio
  5655 | D:6      | Noticed Menkaure
  5660 | D:6      | Killed Menkaure
  5696 | D:6      | Killed Eustachio
  5696 | D:6      | Reached skill level 5 in Armour
  5742 | D:6      | Found a white marble altar of Elyvilon.
  6280 | D:7      | Found a sparkling altar of Nemelex Xobeh.
  6280 | D:7      | Found a radiant altar of Vehumet.
  6412 | D:7      | Reached ***** piety under Trog
  6431 | D:7      | Reached XP level 10. HP: 52/56 MP: 10/10
  6684 | D:7      | Found a hazy altar of Hepliaklqana.
  6686 | D:7      | Found an ancient bone altar of Kikubaaqudgha.
  6688 | D:7      | Found an opulent altar of Gozag.
  7212 | D:8      | Found the +2 hat of the Bear Spirit {Spirit, +Rage rN+
                  | MR++}
  7291 | D:8      | Found a shadowy altar of Dithmenos.
  7546 | D:8      | Reached skill level 10 in Armour
  7591 | D:8      | Noticed a three-headed hydra
  7596 | D:8      | Killed a three-headed hydra
  7623 | D:8      | Noticed a centaur warrior
  7639 | D:8      | Killed a centaur warrior
  7703 | D:8      | Reached XP level 11. HP: 38/60 MP: 11/11
  7707 | D:8      | Received a gift from Trog
  7820 | D:8      | Reached skill level 5 in Fighting
  7825 | D:8      | Found a basalt altar of Yredelemnul.
  7927 | D:8      | Received a gift from Trog
  8133 | D:9      | Found a staircase to the Lair.
  8832 | D:9      | Found Haskuwk's Weapon Shoppe.
  9065 | D:10     | Entered Level 10 of the Dungeon
  9123 | D:9      | Slain by a yak

Levels and vault maps discovered:
D:1:      erik_arrival_orb_chamber, layout_basic
D:2:      layout_loops_ring, nicolae_ru_the_path_less_chosen,
          nicolae_qazlal_general_emergency, led_sif_pool
D:3:      layout_loops_corners, lemuel_round_altar, uniq_grinder, uniq_natasha
D:4:      layout_rooms, cheibriados_altar_1, chequers_serial_rivers_room_a
D:5:      layout_basic, lemuel_doored_altar, portal_sewer_entry_a, first_ration,
          uniq_edmund
D:6:      layout_loops_corners, elyvilon_altar_4, minmay_temple_entry_waves,
          minmay_misc_feat_columns, uniq_eustachio, uniq_menkaure
D:7:      minmay_opposing_rooms, layout_loops_corners,
          grunt_temple_overflow_open, gammafunk_temple_overflow_elements,
          kennysheep_nub
D:8:      minmay_angry_zag, layout_loops_ring,
          lemuel_mausoleum_altar_yredelemnul, hangedman_ranch
          [blue_anna_fruit_fields], grunt_dithmenos_smoke_and_mirrors
D:9:      layout_cave_pools, minmay_lair_entry_grove, serial_co_window_serial,
          co_window_corner_a, co_window_paths_a, co_window_corner_a,
          co_window_paths_a, co_window_paths_a, co_window_paths_a,
          co_window_paths_a, co_window_unsneaky_path_c, co_window_2corner,
          co_window_of_opportunity_c, co_window_broadway_a, glass_columns_b,
          serial_shops, shop, kennysheep_generic_room_6
D:10:     layout_irregular_city, david_orc_2, serial_bayou_lake_a
Temple:   jpeg_temple_alley_garden

Skill      XL: |  1  2  3  4  5  6  7  8  9 10 11 |
---------------+----------------------------------+-----
Maces & Flails | 4 5 6 7 9 11 12 | 12.0
Armour         | 7 12 | 12.0
Fighting       | 9 |  9.9
Dodging        | |  1.5

Action                   |  1- 3 |  4- 6 |  7- 9 | 10-12 || total
-------------------------+-------+-------+-------+-------++-------
Melee: Mace              |   146 |   105 |       |       ||   251
       Flail             |       |   119 |   164 |       ||   283
       Dire flail        |       |       |   297 |   672 ||   969
Invok: Berserk           |       |     1 |     2 |     1 ||     4
  Use: Scroll            |       |     7 |     7 |       ||    14
  Eat: Chunk             |       |     8 |    13 |    10 ||    31
Armor: Animal skin       |    22 |       |       |       ||    22
       Ring mail         |    50 |    21 |       |       ||    71
       Chain mail        |       |    53 |    27 |       ||    80
       Plate armour      |       |       |   273 |   492 ||   765
Dodge: Dodged            |   101 |    98 |   138 |   240 ||   577
